 Dungeon Crawl Stone Soup version 0.28.0-53-g5a82cb258f (console) character file.

Game seed: 3926297726368230069

433 erker the Digger (level 7, -2/41 HPs)
             Began as an Octopode Earth Elementalist on July 23, 2022.
             Slain by an orc wizard
             ... wielding a +0 dagger
              (3 damage)
             ... on level 4 of the Dungeon.
             The game lasted 00:13:18 (4411 turns).

erker the Digger (Octopode Earth Elementalist)      Turns: 4411, Time: 00:13:18

Health: -2/41      AC:  1    Str:  7    XL:     7   Next: 0%
Magic:  10/10      EV: 13    Int: 26    God:
Gold:   106        SH:  0    Dex: 12    Spells: 3/10 levels left

rFire   + . .      SeeInvis .   g - +0 dagger
rCold   . . .      Faith    .   (no shield)
rNeg    . . .      Spirit   .   (helmet restricted)
rPois   .          Reflect  .   (no amulet)
rElec   .          Harm     .   c - +6 ring of intelligence
rCorr   .          Rampage  .   j - ring of protection from fire
Will    .....                   (no ring)
Stlth   +++.......              (no ring)
HPRegen 0.13/turn               (no ring)
MPRegen 0.12/turn               (no ring)
                                (no ring)
                                (no ring)

@: no status effects
A: almost no armour, amphibious, 8 rings, camouflage 1, gelatinous body 1,
(nimble swimmer 1), tentacles
a: no special abilities


You were on level 4 of the Dungeon.
You visited 1 branch of the dungeon, and saw 4 of its levels.

You collected 106 gold pieces.

Inventory:

Hand Weapons
 g - a +0 dagger (weapon)
Missiles
 b - 40 stones
 r - 4 poisoned darts
Jewellery
 c - a +6 ring of intelligence (left tentacle)
 j - a ring of protection from fire (right tentacle)
Wands
 o - a wand of paralysis (16)
Scrolls
 f - a scroll of fog {unknown}
 h - a scroll of amnesia {unknown}
 i - a scroll of identify {unknown}
 k - a scroll of fear {unknown}
 n - a scroll of torment {unknown}
 s - a scroll of holy word {unknown}
Potions
 a - a potion of ambrosia {unknown}
 d - 2 potions of lignification {unknown}
 e - a potion of attraction {unknown}
 l - a potion of curing {unknown}
 m - a potion of magic {unknown}
 p - a potion of invisibility {unknown}
 q - a potion of heal wounds {unknown}


   Skills:
 - Level 2.0 Short Blades
 - Level 2.0 Dodging
 - Level 4.0 Stealth
 - Level 2.0 Spellcasting
 - Level 4.0 Transmutations
 + Level 5.6 Earth Magic


You had 3 spell levels left.
You knew the following spells:

 Your Spells              Type           Power      Damage    Failure   Level
a - Sandblast             Erth           64%        2d14      1%          1
p - Petrify               Tmut/Erth      27%        N/A       14%         4
w - Passwall              Tmut/Erth      22%        N/A       2%          2

Your spell library contained the following spells:

 Spells                   Type           Power      Damage    Failure   Level
 Wereblood                Tmut           23%        N/A       3%          2
 Stone Arrow              Conj/Erth      34%        3d9       10%         3
 Shock                    Conj/Air       8%         1d3       11%         1
 Corpse Rot               Necr/Air       4%         N/A       16%         2
 Sublimation of Blood     Necr           2%         N/A       16%         2
 Sticky Flame             Conj/Fire      2%         2d3       71%         4
 Summon Hydra             Summ           1%         N/A       100%        7


Dungeon Overview and Level Annotations

Branches:
Dungeon (4/15)
 Temple: D:4-7

Altars:
Cheibriados
Yredelemnul

Annotations:
D:4 Dowan, Duvessa, Edmund


Innate Abilities, Weirdness & Mutations

You cannot wear most types of armour.
You are amphibious.
You can wear up to eight rings at the same time.
Your skin changes colour to match your surroundings (Stealth+).
Your rubbery body absorbs attacks. (AC +1, EV +1)
((You are camouflaged when in or above water. (Stealth+)))
You have tentacles for arms and can constrict up to eight enemies at once.


Message History

There is a stone staircase leading up here.
HP restored.
Magic restored.
s - a scroll labelled BAUXZENIASK An orc wizard comes into view.
It is wielding a +0 dagger.
The orc wizard shouts!
The orc wizard casts a spell at you.
You are confused.
The orc wizard casts a spell.
The orc wizard flickers and vanishes!
Deactivating autopickup; reactivate with Ctrl-A.
You feel less confused. Something barely misses you.
You hit something but do no damage. Something hits you.
You closely miss something. Something hits you.
You hit something but do no damage. You squeeze something. Something hits you.
You hit something but do no damage. Something hits you.
You closely miss something. Something hits you.
You barely miss something. Something barely misses you.
You closely miss something. Your squeeze misses something.
Something hits you but does no damage.
You closely miss something. Something hits you.
You hit something but do no damage. Your squeeze misses something.
Something hits you.
You hit something. Your squeeze misses something. You hit something.
You squeeze something. Something hits you.
You barely miss something. Something hits you.
You barely miss something. Your squeeze misses something. Something hits you.
You hit something.
You hear some strange, mumbled words.
A magic dart appears from out of thin air!
The magic dart hits you!
You barely miss something. Your squeeze misses something. Something hits you.
* * * LOW HITPOINT WARNING * * *
You hit something. Your squeeze misses something. Something hits you.
* * * LOW HITPOINT WARNING * * *
You miss something. Something hits you.
* * * LOW HITPOINT WARNING * * *
You hit something. Something hits you.
You die...

# #.# #.######## #.#
#........# #.# #..#####.#
######### #.# #..# ........##
####.# #..##### #######...##
##....######..##..
.........#..
............:.##.#
#######.###.
##...###......##.######.....##
## ######
#.#......@{......####.###. #
###.#.#####.####.#######.#.. #
#......# #)# #)..........##
######.#.#.#####.#
#..########..# .....#.#.###
#...###.#.## #.#. .....#.#.#
#)####.###.## #.## .........#
#.# #.## ##.# #.## e....#.###
#.# ##.###..# ##.## .<...#.#
#.# ##>#.#.# ##...#


There were no monsters in sight!

Vanquished Creatures
  A black bear (D:4)
  2 orc priests
  Natasha (thrice) (D:2)
  2 orc wizards (D:3)
  A hound skeleton (D:4)
  Robin (D:4)
  5 adders
  An ufetubus (D:4)
  An adder skeleton (D:4)
  A dart slug (D:1)
  6 orcs
  7 ball pythons
  6 endoplasms
  2 giant cockroaches
  9 hobgoblins
  3 quokkas
  4 bats
  5 frilled lizards
  14 goblins
  3 kobolds
  3 rats
80 creatures vanquished.

Notes
Turn   | Place    | Note
-------+----------+-------------------------------------------
     0 | D:1      | erker the Octopode Earth Elementalist began the quest for
                  | the Orb.
     0 | D:1      | Reached XP level 1. HP: 11/11 MP: 3/3
   335 | D:1      | Reached XP level 2. HP: 15/17 MP: 3/5
   338 | D:1      | Learned a level 2 spell: Passwall
  1155 | D:2      | Reached XP level 3. HP: 21/21 MP: 6/6
  1173 | D:2      | Noticed Natasha
  1180 | D:2      | Killed Natasha
  1181 | D:2      | Reached skill level 1 in Short Blades
  1217 | D:2      | Found a faded altar of an unknown god.
  1227 | D:2      | Reached XP level 4. HP: 23/27 MP: 2/7
  1235 | D:2      | Reached skill level 4 in Earth Magic
  1337 | D:2      | Noticed Natasha
  1338 | D:2      | Killed Natasha
  1571 | D:2      | Reached XP level 5. HP: 31/31 MP: 6/8
  1909 | D:2      | Found a basalt altar of Yredelemnul.
  1935 | D:2      | Noticed Natasha
  1962 | D:2      | Killed Natasha
  2096 | D:3      | Learned a level 4 spell: Petrify
  2172 | D:3      | Found a snail-covered altar of Cheibriados.
  3004 | D:3      | Reached XP level 6. HP: 25/36 MP: 2/9
  3167 | D:4      | Noticed Robin
  3176 | D:4      | Killed Robin
  3448 | D:4      | Noticed Duvessa
  3652 | D:4      | Got Zewnygh's Reference Book on Damaging Evil
  3661 | D:4      | Noticed Edmund
  3787 | D:4      | Noticed a black bear
  4068 | D:4      | Killed a black bear
  4069 | D:4      | Reached skill level 5 in Earth Magic
  4186 | D:4      | Reached XP level 7. HP: 33/41 MP: 10/10
  4220 | D:4      | Noticed Dowan
  4410 | D:4      | HP: 1/41 [something (5)]
  4411 | D:4      | Slain by an orc wizard

Illustrated notes

Levels and vault maps discovered:
D:1:      dpeg_arrival_long_road, layout_basic
D:2:      layout_loops_ring, basic_altar, nicolae_ecumenical_snake_handling,
          uniq_natasha
D:3:      layout_basic, cheibriados_altar_1, minivault_24
D:4:      layout_loops_ring, minmay_temple_entry_statues_fountains, uniq_edmund,
          uniq_robin, uniq_duvessa

Skill      XL: |  1  2  3  4  5  6 |
---------------+-------------------+-----
Stealth        | 3 4 |  4.0
Short Blades   | 1 2 |  2.0
Earth Magic    | 4 5 |  5.6
Transmutations | 2 4 |  4.0
Dodging        | |  2.0
Spellcasting   | |  2.0

Action                   |  1- 3 |  4- 6 |  7- 9 || total
-------------------------+-------+-------+-------++-------
Melee: Unarmed           |    37 |       |       ||    37
       Tentacles         |    12 |    21 |     3 ||    36
       Constrict         |    10 |    28 |     1 ||    39
       Dagger            |     9 |   118 |    20 ||   147
       Punch             |     1 |     4 |       ||     5
 Cast: Sandblast         |    14 |    34 |       ||    48
       Passwall          |     3 |     4 |       ||     7
       Petrify           |       |     3 |     2 ||     5
 Stab: Sleeping          |     9 |     3 |       ||    12
       Petrified         |       |     4 |       ||     4
Armor: Skin              |     8 |    10 |     2 ||    20
Dodge: Dodged            |    41 |    80 |     4 ||   125
